 Dungeon Crawl Stone Soup version 0.29.0-11-gd7f09526c8 (webtiles) character file.

Game seed: 9368901770106379828

15258 firemarshallily the Nimble (level 12, 0/138 HPs)
             Began as a Gnoll Wanderer on Aug 28, 2022.
             Was an Elder of Kikubaaqudgha.
             Slain by a polar bear (3 damage)
             ... in an ice cave on Sept 3, 2022.
             The game lasted 01:26:35 (11467 turns).

firemarshallily the Nimble (Gnoll Wanderer)        Turns: 11467, Time: 01:26:36

Health: 0/138      AC: 32    Str:  7 (9)  XL:     12   Next: 25%
Magic:  7/23       EV:  2    Int: 10 (13) God:    Kikubaaqudgha [****..]
Gold:   26         SH: 10    Dex: 20 (22) Spells: 13/26 levels left

rFire   . . .      SeeInvis +   w - staff of death
rCold   . . .      Faith    .   e - +3 buckler
rNeg    + . .      Spirit   .   (body armour currently unavailable)
rPois   +          Reflect  .   (helmet currently unavailable)
rElec   .          Harm     .   (cloak currently unavailable)
rCorr   .          Rampage  .   (gloves currently unavailable)
Will    .....      NoTele   +   (boots currently unavailable)
Stlth   ++++......              k - amulet of regeneration
HPRegen 1.13/turn               v - ring of flight
MPRegen 0.18/turn               A - ring of see invisible

@: mighty, ice-armoured, tree-form (expiring), freezing walls, hasted, very
quick
A: stationary, stasis, torment immunity, boosted hp, (fangs 1), strong nose,
distributed training, (talons 1), agile 2
a: Renounce Religion, Unearth Wretches


You were in an ice cave.
You worshipped Kikubaaqudgha.
Kikubaaqudgha was greatly pleased with you.
You were a tree.
You visited 2 branches of the dungeon, and saw 14 of its levels.
You also visited: Sewer and Ice Cave.

You collected 692 gold pieces.
You spent 666 gold pieces at shops.

Inventory:

Hand Weapons
 r - a +0 vorpal long sword
 D - a +4 vampiric spear
Missiles
 m - 27 poisoned darts (quivered)
 n - 13 boomerangs
 t - 76 stones
 z - 7 javelins
Armour
 b - a +0 pair of boots (melded)
 e - a +3 buckler (worn)
 E - the +1 cloak of the Eternal Void (melded) {Str+3}
   (You bought it in a shop on level 6 of the Dungeon)

   Str:       It affects your strength (+3).
 G - a +2 pair of gloves (melded)
 J - a +2 ring mail of fire resistance
 L - a +1 troll leather armour (melded)
Magical Staves
 w - a staff of death (weapon)
 K - a staff of earth
Jewellery
 k - an amulet of regeneration (around neck)
 v - a ring of flight (left branch)
 A - a ring of see invisible (right branch)
Wands
 d - a wand of flame (2)
 i - a wand of paralysis (12)
 p - a wand of digging (3)
Scrolls
 a - 2 scrolls of poison
 o - 4 scrolls of vulnerability
 x - 2 scrolls of enchant weapon
 y - 2 scrolls of fear
 C - 6 scrolls of teleportation
 M - a scroll of amnesia
 N - a scroll of blinking
Potions
 f - a potion of lignification
 g - 3 potions of invisibility
 h - 2 potions of attraction
 l - 4 potions of brilliance
 u - 4 potions of flight
 F - 2 potions of ambrosia
Miscellaneous
 I - a condenser vane (inert)


   Skills:
 + Level 7.9 Fighting
 + Level 7.3 Short Blades
 + Level 7.3 Long Blades
 + Level 7.3 Axes
 + Level 7.3 Maces & Flails
 + Level 7.3 Polearms
 + Level 7.3 Staves
 + Level 7.3 Ranged Weapons
 + Level 7.3 Throwing
 + Level 7.3 Armour
 + Level 11.2 Dodging
 + Level 7.3 Stealth
 + Level 9.9 Shields
 + Level 7.3 Unarmed Combat
 + Level 7.9 Spellcasting
 + Level 6.1 Conjurations
 + Level 6.5 Hexes
 + Level 6.1 Summonings
 + Level 6.1 Necromancy
 + Level 6.1 Translocations
 + Level 6.1 Transmutations
 + Level 6.1 Fire Magic
 + Level 6.1 Ice Magic
 + Level 6.1 Air Magic
 + Level 6.1 Earth Magic
 + Level 6.1 Poison Magic
 + Level 8.1 Invocations
 + Level 7.3 Evocations


You had 13 spell levels left.
You knew the following spells:

 Your Spells              Type           Power      Damage    Failure   Level
a - Slow                  Hex            68%        N/A       1%          1
b - Necrotise             Necr           96%        1d8       1%          1
c - Searing Ray           Conj           32%        2d5       2%          2
d - Summon Guardian Gole  Hex/Summ       16%        N/A       4%          3
e - Ozocubu's Armour      Ice            16%        N/A       4%          3
f - Frozen Ramparts       Ice            32%        1d5       4%          3

Your spell library contained the following spells:

 Spells                   Type           Power      Damage    Failure   Level
 Poisonous Vapours        Pois/Air       32%        N/A       2%          2
 Sublimation of Blood     Necr           24%        N/A       2%          2
 Dazzling Flash           Conj/Hex       32%        N/A       4%          3
 Vampiric Draining        Necr           24%        2d7       4%          3
 Anguish                  Hex/Necr       12%        N/A       14%         4
 Corpse Rot               Necr/Pois/Air  24%        N/A       16%         4
 Dispel Undead            Necr           24%        3d12      16%         4
 Flame Wave               Conj/Fire      16%        2d7       16%         4
 Hailstorm                Conj/Ice       16%        3d6       16%         4
 Iskenderun's Mystic Bla  Conj/Tloc      16%        2d5       16%         4
 Sticky Flame             Conj/Fire      16%        2d4       16%         4
 Borgnjor's Vile Clutch   Necr/Erth      12%        N/A       41%         5
 Death Channel            Necr           12%        N/A       94%         6
 Simulacrum               Ice/Necr       12%        N/A       94%         6
 Starburst                Conj/Fire      8%         6d4       94%         6
 Malign Gateway           Summ/Tloc      8%         N/A       100%        7
 Ozocubu's Refrigeration  Ice            8%         4d9       100%        7


Dungeon Overview and Level Annotations

Branches:
Dungeon (14/15)            Temple (0/1) D:7            Lair (1/5) D:9
    Orc (0/2) D:10          Sewer (visited)           IceCv (1/1)
 Vaults: D:13-14

Altars:
Ashenzari
Cheibriados
Dithmenos
Fedhas
Kikubaaqudgha
Makhleb
Nemelex Xobeh
Qazlal
Sif Muna
Trog
Vehumet
Wu Jian
Xom
Zin
Jiyva

Shops:
D:2 (   D:6 [?[[   D:10 *

Annotations:
D:5 Sigmund
D:9 2 transporters


Innate Abilities, Weirdness & Mutations

You are a tree.
Your roots penetrate the ground, keeping you stationary.
You cannot be teleported.
You are immune to unholy pain and torment.
Your maximum health is greatly increased.
Your equipment is partially melded.
((You have very sharp teeth.))
Your uncanny sense of smell can sniff out nearby items.
Your experience applies equally to all skills.
((You have sharp toenails.))
You are very agile. (Dex +8, Str/Int -2)


Message History

* * * LOW HITPOINT WARNING * * *
Casting: Frozen Ramparts (mildly dangerous; 4% risk of failure)
Confirm with . or Enter, or press ? or * to list all spells.
Aiming: Slow (safe; 1% risk of failure)
Press: ? - help, Shift-Dir - straight line, f - death yak
Aim: a death yak (lightly wounded, chance to affect: 4%)
Okay, then.
You feel better.
The wall freezes the polar bear but does no damage.
The polar bear bites you.
* * * LOW HITPOINT WARNING * * *
The polar bear claws you but does no damage.
You block the polar bear's attack.
Okay, then.
Throw: dart (curare)
Press: ? - help, Q - select action, (/) - cycle Shift-Dir - straight line, f - death yak
Aim: a death yak (lightly wounded, 83% to hit)
You throw a curare-tipped dart.
The curare-tipped dart barely misses the death yak.
The wall freezes the death yak.
You block the death yak's attack.
The polar bear completely resists.
The wall freezes the polar bear but does no damage.
The polar bear bites you but does no damage.
The polar bear claws you but does no damage. x2
You hit the death yak.
The death yak writhes in agony.
The death yak is lightly wounded.
Your transformation is almost over.
Unknown command.
You hit the death yak.
The death yak writhes in agony.
The death yak is moderately wounded.
The wall freezes the death yak but does no damage.
The death yak snorts and paws the ground.
The death yak gores you!
* * * LOW HITPOINT WARNING * * *
The wall freezes the polar bear but does no damage.
The polar bear bites you but does no damage.
The polar bear claws you but does no damage.
The polar bear claws you.
You die...
Kikubaaqudgha rasps: "You have failed me!
Welcome... death!"

#.......#
#...∩...#
##....†##
##...##
#...##
##...#
##...#
##h..##
#.†♣##
#.Y##
##..#
##..# ..#
h.Y#


hhk.. ..Y... #... You could see a death yak and a polar bear.

Vanquished Creatures
  A hydra (D:11)
  An ice dragon (D:13)
  A boulder beetle (D:7)
  Erolcha (D:10)
  A two-headed ogre (D:10)
  A gargoyle (D:10)
  An unseen horror (D:10)
  3 rime drakes
  A komodo dragon (D:13)
  3 trolls
  3 polar bears
  A hornet (D:8)
  3 wyverns
  A shadow (D:9)
  3 wraiths
  17 yaks
  A steam dragon (D:8)
  5 vampire mosquitoes
  An acid dragon (D:10)
  A water moccasin (D:7)
  7 orc warriors
  2 black bears (D:9)
  2 wolves
  3 centaurs
  2 phantoms (D:7)
  4 kobold brigands
  2 bullfrogs (D:6)
  3 necrophages
  5 scorpions
  4 wights (D:6)
  23 killer bees
  3 howler monkeys
  2 jellies (D:4)
  4 hounds
  6 orc priests
  An iguana (D:4)
  16 orc wizards
  5 adders
  12 gnolls
  2 river rats (Sewer)
  2 shadow imps
  2 white imps
  An ufetubus (D:7)
  5 worms
  3 dart slugs
  28 orcs
  11 bats
  5 endoplasms
  7 giant cockroaches
  7 goblins
  3 hobgoblins
  7 jackals
  8 quokkas
  7 ball pythons
  2 frilled lizards (D:2)
  7 kobolds
  5 rats
268 creatures vanquished.

Vanquished Creatures (collateral kills)
  A ball python (D:3)
1 creature vanquished.

Vanquished Creatures (others)
  18 fungi (D:9)
  10 plants (D:9)
28 creatures vanquished.

Grand Total: 297 creatures vanquished

Notes
Turn   | Place    | Note
-------+----------+-------------------------------------------
     0 | D:1      | firemarshallily the Gnoll Wanderer began the quest for the
                  | Orb.
     0 | D:1      | firemarshallily set off with the following items: a +0
                  | dagger, a +0 pair of boots, a potion of might, a +0 robe, a
                  | +2 buckler; and the following spell memorised: Slow; and
                  | the following spells available to memorise: Summon Guardian
                  | Golem.
     0 | D:1      | Reached XP level 1. HP: 17/17 MP: 4/4
    96 | D:1      | Reached XP level 2. HP: 22/23 MP: 5/5
  1279 | D:2      | Found Lick's Antique Weapon Shoppe.
  1286 | D:2      | Reached XP level 3. HP: 28/28 MP: 7/7
  1315 | D:2      | Bought a glowing long sword for 136 gold pieces
  1342 | D:2      | Reached skill level 1 in Invocations
  1517 | D:2      | Reached skill level 1 in Short Blades
  1517 | D:2      | Reached skill level 1 in Long Blades
  1517 | D:2      | Reached skill level 1 in Axes
  1517 | D:2      | Reached skill level 1 in Maces & Flails
  1517 | D:2      | Reached skill level 1 in Polearms
  1517 | D:2      | Reached skill level 1 in Staves
  1517 | D:2      | Reached skill level 1 in Ranged Weapons
  1517 | D:2      | Reached skill level 1 in Throwing
  1517 | D:2      | Reached skill level 1 in Armour
  1517 | D:2      | Reached skill level 1 in Stealth
  1517 | D:2      | Reached skill level 1 in Unarmed Combat
  1517 | D:2      | Reached skill level 1 in Evocations
  1634 | D:2      | Reached XP level 4. HP: 29/34 MP: 8/8
  2020 | D:3      | Found a glowing drain.
  2049 | Sewer    | Entered a sewer
  2055 | Sewer    | Reached skill level 1 in Conjurations
  2055 | Sewer    | Reached skill level 1 in Summonings
  2055 | Sewer    | Reached skill level 1 in Necromancy
  2055 | Sewer    | Reached skill level 1 in Translocations
  2055 | Sewer    | Reached skill level 1 in Transmutations
  2055 | Sewer    | Reached skill level 1 in Fire Magic
  2055 | Sewer    | Reached skill level 1 in Ice Magic
  2055 | Sewer    | Reached skill level 1 in Air Magic
  2055 | Sewer    | Reached skill level 1 in Earth Magic
  2055 | Sewer    | Reached skill level 1 in Poison Magic
  2114 | Sewer    | Noticed a kobold brigand
  2115 | Sewer    | Noticed a kobold brigand
  2133 | Sewer    | Killed a kobold brigand
  2134 | Sewer    | Reached XP level 5. HP: 37/41 MP: 9/9
  2150 | Sewer    | Killed a kobold brigand
  2151 | Sewer    | Reached XP level 6. HP: 47/47 MP: 9/11
  2178 | Sewer    | Found a white marble altar of Elyvilon.
  2238 | D:3      | Found a snail-covered altar of Cheibriados.
  2256 | D:3      | Found a faded altar of an unknown god.
  2262 | D:3      | Noticed a great orb of eyes
  2267 | D:3      | Noticed a golden eye
  2269 | D:3      | Noticed a floating eye
  2269 | D:3      | Noticed a great orb of eyes
  2278 | D:3      | Prayed at the altar of an unknown god.
  2278 | D:3      | Became a worshipper of Kikubaaqudgha
  2278 | D:3      | Reached * piety under Kikubaaqudgha
  2278 | D:3      | Received a gift from Kikubaaqudgha
  2282 | D:3      | Learned a level 1 spell: Necrotise
  2400 | D:3      | Found a large runed translucent door.
  2400 | D:3      | Found a large runed translucent door.
  2433 | D:3      | Found a broken altar of Ashenzari.
  2709 | D:3      | Found a radiant altar of Vehumet.
  3167 | D:3      | Found a shimmering altar of Xom.
  3179 | D:3      | Found a stormy altar of Qazlal.
  3301 | D:4      | Reached XP level 7. HP: 52/52 MP: 12/12
  3337 | D:4      | Reached ** piety under Kikubaaqudgha
  3773 | D:4      | Reached skill level 9 in Dodging
  4593 | D:5      | Entered Level 5 of the Dungeon
  4632 | D:5      | Identified a scroll of acquirement
  4632 | D:5      | Acquired Tiog's Octavo of Conflict
  4664 | D:5      | Noticed Sigmund
  4695 | D:6      | Reached XP level 8. HP: 60/60 MP: 12/14
  4906 | D:6      | Found Vuculorph's Antique Armour Shoppe.
  4909 | D:6      | Bought a twisted cloak for 209 gold pieces
  4909 | D:6      | Identified the +1 cloak of the Eternal Void {Str+3} (You
                  | bought it in a shop on level 6 of the Dungeon)
  5189 | D:6      | Found Faeniagg's Antique Armour Boutique.
  5456 | D:6      | Found Ixoser's Armour Boutique.
  5535 | D:6      | Noticed a wraith
  5560 | D:6      | Killed a wraith
  5561 | D:6      | Reached XP level 9. HP: 66/66 MP: 16/16
  5565 | D:6      | Learned a level 2 spell: Searing Ray
  5569 | D:6      | Learned a level 3 spell: Summon Guardian Golem
  5682 | D:6      | Found Lurghu Moil's Magic Scroll Shop.
  5700 | D:6      | Bought a scroll of identify for 22 gold pieces
  5700 | D:6      | Bought a scroll of identify for 22 gold pieces
  5700 | D:6      | Bought a scroll of identify for 22 gold pieces
  5833 | D:7      | Noticed a boulder beetle
  5978 | D:7      | Reached skill level 5 in Spellcasting
  5992 | D:7      | Found a shadowy altar of Dithmenos.
  6031 | D:7      | Killed a boulder beetle
  6032 | D:7      | Reached skill level 5 in Fighting
  6151 | D:7      | Reached skill level 5 in Invocations
  6165 | D:7      | Got the Treatise on Glacial Apparitions
  6170 | D:7      | Learned a level 3 spell: Ozocubu's Armour
  6174 | D:7      | Learned a level 3 spell: Frozen Ramparts
  6180 | D:7      | Found a shimmering blue altar of Sif Muna.
  6202 | D:7      | Found a burning altar of Makhleb.
  6487 | D:7      | Found a staircase to the Ecumenical Temple.
  6673 | D:8      | Noticed a hornet
  6872 | D:8      | Reached skill level 5 in Short Blades
  6872 | D:8      | Reached skill level 5 in Long Blades
  6872 | D:8      | Reached skill level 5 in Axes
  6872 | D:8      | Reached skill level 5 in Maces & Flails
  6872 | D:8      | Reached skill level 5 in Polearms
  6872 | D:8      | Reached skill level 5 in Staves
  6872 | D:8      | Reached skill level 5 in Ranged Weapons
  6872 | D:8      | Reached skill level 5 in Throwing
  6872 | D:8      | Reached skill level 5 in Armour
  6872 | D:8      | Reached skill level 5 in Stealth
  6872 | D:8      | Reached skill level 5 in Unarmed Combat
  6872 | D:8      | Reached skill level 5 in Evocations
  6872 | D:8      | Reached XP level 10. HP: 64/76 MP: 9/18
  6873 | D:8      | Reached skill level 10 in Dodging
  6927 | D:8      | Found a bloodstained altar of Trog.
  7141 | D:8      | Reached *** piety under Kikubaaqudgha
  7141 | D:8      | Received a gift from Kikubaaqudgha
  7169 | D:8      | Reached skill level 5 in Hexes
  7774 | D:8      | Found a blossoming altar of Fedhas.
  7774 | D:8      | Found a sparkling altar of Nemelex Xobeh.
  8257 | D:9      | Found a viscous altar of Jiyva.
  8258 | D:9      | Noticed a great orb of eyes
  8393 | D:9      | Found a staircase to the Lair.
  8418 | D:9      | Upgraded the game from 0.29.0-5-ge4962eb29e to
                  | 0.29.0-7-g18a832c13a
  8420 | Lair:1   | Entered Level 1 of the Lair of Beasts
  8485 | D:9      | Found an ornate altar of the Wu Jian Council.
  8511 | D:9      | Found a transporter.
  8514 | D:9      | Found a transporter.
  8666 | D:9      | Found a glowing silver altar of Zin.
  9109 | D:9      | Reached skill level 5 in Conjurations
  9109 | D:9      | Reached skill level 5 in Summonings
  9109 | D:9      | Reached skill level 5 in Necromancy
  9109 | D:9      | Reached skill level 5 in Translocations
  9109 | D:9      | Reached skill level 5 in Transmutations
  9109 | D:9      | Reached skill level 5 in Fire Magic
  9109 | D:9      | Reached skill level 5 in Ice Magic
  9109 | D:9      | Reached skill level 5 in Air Magic
  9109 | D:9      | Reached skill level 5 in Earth Magic
  9109 | D:9      | Reached skill level 5 in Poison Magic
  9109 | D:9      | Reached XP level 11. HP: 83/83 MP: 15/21
  9436 | D:10     | Entered Level 10 of the Dungeon
  9531 | D:10     | Noticed a two-headed ogre
  9548 | D:10     | Reached **** piety under Kikubaaqudgha
  9554 | D:10     | Killed a two-headed ogre
  9645 | D:10     | Noticed Erolcha
  9758 | D:10     | Found a staircase to the Orcish Mines.
  9968 | D:10     | Upgraded the game from 0.29.0-7-g18a832c13a to
                  | 0.29.0-11-gd7f09526c8
 10092 | D:10     | Killed Erolcha
 10434 | D:10     | Found Gesi Tom's Assorted Antiques.
 10442 | D:10     | Bought a scroll labelled MUBLAW COAM for 30 gold pieces
 10442 | D:10     | Bought a scroll of enchant armour for 225 gold pieces
 10648 | D:11     | Noticed a six-headed hydra
 10658 | D:11     | Killed a six-headed hydra
 10986 | D:11     | You are sucked into a shaft and drop 3 floors!
 10999 | D:14     | Noticed a deep elf pyromancer
 11112 | D:13     | Reached skill level 11 in Dodging
 11159 | D:13     | Found a frozen archway.
 11160 | D:13     | Noticed an ice dragon
 11177 | D:13     | Gained mutation: You have sharp toenails. [potion of
                  | mutation]
 11177 | D:13     | Gained mutation: You are agile. (Dex +4, Str/Int -1)
                  | [potion of mutation]
 11177 | D:13     | Gained mutation: You are very agile. (Dex +8, Str/Int -2)
                  | [potion of mutation]
 11194 | D:13     | Reached XP level 12. HP: 74/91 MP: 3/23
 11206 | D:13     | Killed an ice dragon
 11304 | IceCv    | Entered an ice cave
 11460 | IceCv    | Noticed a death yak
 11463 | IceCv    | HP: 6/138 [death yak (14)]
 11467 | IceCv    | Slain by a polar bear

Illustrated notes

Levels and vault maps discovered:
D:1:      dpeg_arrival_rooms_with_view, layout_basic, serial_glass,
          glass_columns_c, glass_columns_a
D:2:      layout_basic, serial_shops, shop_coins
D:3:      layout_loops_ring, mainiacjoe_overflow_cross_hatched,
          lemuel_coloured_pillars_altar, cheibrodos_ashenzari_chains,
          jmf_multi_god_temple2, hellmonk_ecumenical_altar_watching_god,
          portal_sewer_entry_f, nrook_mini_backslash
D:4:      layout_layer_cave, grunt_decor_clamped, kennysheep_dice
D:5:      layout_loops_ring, uniq_sigmund
D:6:      layout_loops_corners, serial_shops, nicolae_shop_behind_doors, shop,
          nicolae_shop_advertising_works [nicolae_subvault_shop_adworks],
          shop_fountains
D:7:      layout_rooms, grunt_dithmenos_smoke, nicolae_overflow_two_pavilions,
          minmay_temple_entry_proselytizer
D:8:      layout_gridville, lemuel_crystal_altar, gammafunk_temple_overflow_wave
D:9:      gammafunk_jiyva_shrine, layout_irregular_city, lemuel_crystal_altar,
          pdpol_wu_jian_five_deadly_venoms, grunt_lair_entry_orc_guard_hut,
          item_on_display_a
D:10:     layout_small_grid, minmay_orc_entry_temple_small, serial_shops, shop,
          minmay_fractal_squares_5, uniq_erolcha
D:11:     layout_loops_cross, uniq_erica, uniq_maurice, uniq_urug
D:13:     layout_cave_pools, portal_ice_cave_entry_animals_and_master
D:14:     layout_loops_cross, lightli_vaults_fourway_checkpoint,
          minmay_misc_feat_square, uniq_agnes
Lair:1:   layout_cave_pods, chequers_serial_rivers_micro_c
IceCv:    ice_cave_small_giant

Skill      XL: |  1  2  3  4  5  6  7  8  9 10 11 12 |
---------------+-------------------------------------+-----
Hexes          | 2 3 4 5 6 |  6.5
Invocations    | 1 2 3 4 5 6 7 8 |  8.1
Short Blades   | 1 2 3 5 6 7 |  7.3
Long Blades    | 1 2 3 5 6 7 |  7.3
Axes           | 1 2 3 5 6 7 |  7.3
Maces & Flails | 1 2 3 5 6 7 |  7.3
Polearms       | 1 2 3 5 6 7 |  7.3
Staves         | 1 2 3 5 6 7 |  7.3
Ranged Weapons | 1 2 3 5 6 7 |  7.3
Throwing       | 1 2 3 5 6 7 |  7.3
Armour         | 1 2 3 5 6 7 |  7.3
Stealth        | 1 2 3 5 6 7 |  7.3
Unarmed Combat | 1 2 3 5 6 7 |  7.3
Evocations     | 1 2 3 5 6 7 |  7.3
Spellcasting   | 3 4 5 6 7 |  7.9
Conjurations   | 1 2 3 4 5 6 |  6.1
Summonings     | 1 2 3 4 5 6 |  6.1
Necromancy     | 1 2 3 4 5 6 |  6.1
Translocations | 1 2 3 4 5 6 |  6.1
Transmutations | 1 2 3 4 5 6 |  6.1
Fire Magic     | 1 2 3 4 5 6 |  6.1
Ice Magic      | 1 2 3 4 5 6 |  6.1
Air Magic      | 1 2 3 4 5 6 |  6.1
Earth Magic    | 1 2 3 4 5 6 |  6.1
Poison Magic   | 1 2 3 4 5 6 |  6.1
Fighting       | 3 4 5 6 7 |  7.9
Shields        | 7 8 9 |  9.9
Dodging        | 9 10 11 | 11.2

Action                   |  1- 3 |  4- 6 |  7- 9 | 10-12 || total
-------------------------+-------+-------+-------+-------++-------
Melee: Dagger            |    66 |       |       |       ||    66
       Bite              |     8 |    12 |    54 |   130 ||   204
       Rapier            |     5 |       |       |       ||     5
       Long sword        |    37 |   149 |   180 |       ||   366
       Spear             |       |       |   326 |   201 ||   527
       Staff             |       |       |       |   706 ||   706
Throw: Boomerang         |       |       |     1 |       ||     1
       Javelin           |       |       |     1 |       ||     1
       Dart              |       |       |    10 |     3 ||    13
       Throwing net      |       |       |     1 |       ||     1
 Cast: Slow              |     6 |     7 |    18 |    40 ||    71
       Necrotise         |       |     1 |     1 |     4 ||     6
       Frozen Ramparts   |       |       |     3 |    41 ||    44
       Searing Ray       |       |       |     2 |    17 ||    19
       Ozocubu's Armour  |       |       |     1 |    28 ||    29
       Summon Guardian G |       |       |     1 |     2 ||     3
Evoke: Condenser vane    |       |       |       |     1 ||     1
  Use: Scroll            |     2 |     5 |    12 |    11 ||    30
       Potion            |       |     1 |       |    16 ||    17
 Stab: Sleeping          |     2 |     2 |     7 |     5 ||    16
       Distracted        |       |       |       |     2 ||     2
Armor: Robe              |     7 |       |       |       ||     7
       Leather armour    |    12 |    43 |    89 |   109 ||   253
       Troll leather arm |       |       |       |   170 ||   170
       Skin              |       |       |       |   110 ||   110
Dodge: Dodged            |    95 |   117 |   300 |   774 ||  1286
Block: Buckler           |    61 |   100 |   227 |   584 ||   972
